 Dungeon Crawl Stone Soup version 0.30.0-15-g856e2d3f33 (webtiles) character file.

Game seed: 6117745161371035770

5 monsoonserge the Grave Robber (level 1, 0/10 HPs)
             Began as a Kobold Necromancer on May 19, 2023.
             Slain by a quokka (1 damage)
             ... on level 1 of the Dungeon.
             The game lasted 00:00:42 (100 turns).

monsoonserge the Grave Robber (Kobold Necromancer)   Turns: 100, Time: 00:00:43

Health: 0/10       AC:  3    Str:  5    XL:     1   Next: 88%
Magic:  2/3        EV: 15    Int: 16    God:
Gold:   17         SH:  0    Dex: 15    Spells: 3/4 levels left

rFire   . . .        f - +0 club
rCold   . . .        (no shield)
rNeg    . . .        a - +0 robe
rPois   .            c - +0 helmet
rElec   .            (no cloak)
rCorr   .            (no gloves)
SInv    .            (no boots)
Will    .....        (no amulet)
Stlth   +++          (no ring)
HPRegen 0.21/turn    (no ring)
MPRegen 0.08/turn

%: no passive effects
@: no status effects
A: small, no large weapons, nightstalker 3
a: no special abilities


You were on level 1 of the Dungeon.
You visited 1 branch of the dungeon, and saw 1 of its levels.

You collected 17 gold pieces.

Inventory:

Hand Weapons
 f - a +0 club (weapon)
Armour
 a - a +0 robe (worn)
 c - a +0 helmet (worn)
Scrolls
 d - a scroll of fear {unknown}
Potions
 b - a potion of magic
 e - a potion of attraction {unknown}


   Skills:
 + Level 2.6 Dodging
 + Level 2.7 Stealth
 + Level 2.2 Spellcasting
 + Level 4.2 Necromancy


You had 3 spell levels left.
You knew the following spells:

 Your Spells              Type           Power      Damage    Failure   Level
a - Necrotise             Necr           60%        1d7       3%          1

Your spell library contained the following spells:

 Spells                   Type           Power      Damage    Failure   Level
 Vampiric Draining        Necr           15%        2d7       11%         3
 Animate Dead             Necr           15%        N/A       34%         4
 Agony                    Necr           15%        N/A       69%         5


Dungeon Overview and Level Annotations

Branches:
Dungeon (1/15)

Altars:


Innate Abilities, Weirdness & Mutations

You are small and have problems with some larger weapons.
You are completely attuned to the shadows.


Message History

The goblin is heavily wounded.
The goblin hits you with a +0 club.
You hit the goblin.
You kill the goblin!
A ball python and a quokka come into view.
You see here a +0 club.
Found a robe.
The helpless ball python fails to defend itself.
You hit the ball python.
The ball python is heavily wounded.
The ball python completely misses you. The ball python misses you.
The quokka misses you.
Your goblin skeleton hits the ball python.
The ball python closely misses you. x2; The quokka bites you.
You hit the ball python.
You kill the ball python!
The quokka bites you.
Your goblin skeleton hits the quokka.
You hit the quokka.
The quokka is moderately wounded.
The quokka closely misses you.
Your goblin skeleton closely misses the quokka.
The quokka barely misses you.
You barely miss the quokka.
The quokka is moderately wounded.
The quokka barely misses you.
Your goblin skeleton closely misses the quokka.
The quokka completely misses you.
You barely miss the quokka.
The quokka is moderately wounded.
Your goblin skeleton closely misses the quokka.
The quokka bites you.
* * * LOW HITPOINT WARNING * * *
Unknown command.
Casting: Necrotise (safe; 3% risk of failure)
Confirm with . or Enter, or press ? or * to list all spells.
Aiming: Necrotise (safe; 3% risk of failure)
Press: ? - help, Shift-Dir - straight line, f - quokka
Aim: a quokka (moderately wounded, ally target, chance to affect: 85%)
The quokka writhes in agony.
The quokka bites you.
You die...

#####. #......
##.......##
#.†r........
#.@Z........# .#..
#...........# .....
#.....)....####....
............#.......
#[............##....
....................
................†..
.........##'''''##
....###.......#


You could see a quokka (ally target) and a friendly goblin skeleton.

Vanquished Creatures
  A ball python (D:1)
  A giant cockroach (D:1)
  2 goblins (D:1)
4 creatures vanquished.

Notes
Turn   | Place    | Note
-------+----------+-------------------------------------------
     0 | D:1      | monsoonserge the Kobold Necromancer began the quest for the
                  | Orb.
     0 | D:1      | Reached XP level 1. HP: 10/10 MP: 3/3
   100 | D:1      | Slain by a quokka

Illustrated notes

Levels and vault maps discovered:
D:1:      lordsloth_arrival_two_stooges, layout_rooms

Action                     || total
---------------------------++-------
  Melee: Club              ||     7
         Unarmed           ||     2
   Cast: Necrotise         ||     4
   Stab: Sleeping          ||     2
 Armour: Robe              ||     1
  Dodge: Dodged            ||    12
